 Dungeon Crawl Stone Soup version 0.31-a0-174-g85c54bcb58 (webtiles) character file.

Game seed: 11654250807390565209

575 qw the Shooter (level 7, -1/64 HPs)
             Began as a Naga Hunter on June 15, 2023.
             Slain by a black bear (3 damage)
             ... on level 5 of the Dungeon.
             The game lasted 00:01:27 (3389 turns).

qw the Shooter (Naga Hunter)                        Turns: 3389, Time: 00:01:27

Health: -1/64      AC:  5    Str: 13    XL:     7   Next: 35%
Magic:  7/7        EV: 14    Int: 10    God:
Gold:   249        SH:  0    Dex: 16    Spells: 6/6 levels left

rFire   . . .        Y - +1 shortbow
rCold   . . .        (shield currently unavailable)
rNeg    . . .        l - +0 troll leather armour {Pargi}
rPois   +            (no helmet)
rElec   .            b - scarf {repulsion}
rCorr   .            i - +0 pair of gloves
SInv    +            (no barding)
Will    .....        (no amulet)
Stlth   ++           p - +5 ring of evasion
HPRegen 1.10/turn    (no ring)
MPRegen 0.10/turn

%: repel missiles
@: short of breath, very slow
A: AC +2, large, see invisible, deformed body, poison resistance, slowness 2,
spit poison 1, naga tail 1
a: Spit Poison


You were on level 5 of the Dungeon.
You visited 1 branch of the dungeon, and saw 5 of its levels.
You also visited: Sewer.

You collected 272 gold pieces.
You spent 23 gold pieces at shops.


Innate Abilities, Weirdness & Mutations

Your serpentine skin is tough. (AC +2)
You have supernaturally acute eyesight. (SInv)
Armour fits poorly on your strangely shaped body.
Your system is resistant to poisons. (rPois)
You cover ground very slowly.
You can spit poison.
You have a snake-like lower body.


   Skills:
 - Level 4.1 Fighting
 - Level 7.1 Ranged Weapons
 + Level 1.7 Dodging
 - Level 1.5 Stealth


You had 6 spell levels left.
You didn't know any spells.
Your spell library was empty.

Inventory:

Hand Weapons
 Y - a +1 shortbow (weapon)
Armour
 b - a scarf of repulsion (worn)
 i - a +0 pair of gloves (worn)
 l - a +0 troll leather armour (worn) {Pargi}
Jewellery
 p - a +5 ring of evasion (left hand)
Scrolls
 a - a scroll of identify
Potions
 c - a potion of attraction {unknown}
 d - a potion of invisibility {unknown}
 e - a potion of berserk rage {unknown}
 f - a potion of cancellation {unknown}
 g - a potion of resistance {unknown}
 h - a potion of mutation {unknown}
 k - a potion of curing
 m - a potion of degeneration {unknown}
 o - a potion of haste {unknown}
 r - a potion of might

Dungeon Overview and Level Annotations

Branches:
Dungeon (5/15)              Sewer (visited)
 Temple: D:4-7

Altars:
Fedhas
Ru

Shops:
D:1 :[=[*   D:2 :


Message History

The ogre closely misses you.
3384 ||| INVOKING Spit Poison.
Aiming: Spit Poison (1% risk of failure)
Press: ? - help, Shift-Dir - straight line, f/p - black bear The splash of poison hits the black bear.
The black bear is poisoned.
The black bear is moderately wounded.
The black bear bites you. The black bear barely misses you.
The black bear claws you.
You shoot an arrow.
The arrow closely misses the black bear.
The ogre closely misses you.
The black bear bites you but does no damage.
The black bear completely misses you. The black bear claws you.
You shoot an arrow.
The arrow hits the black bear but does no damage.
The black bear is heavily wounded.
The black bear bites you but does no damage.
The black bear barely misses you. x2; The ogre barely misses you.
You shoot an arrow.
The arrow hits the black bear but does no damage.
The black bear is heavily wounded.
The black bear bites you!
The black bear claws you but does no damage.
The black bear claws you.
You shoot an arrow.
The arrow hits the black bear but does no damage.
The black bear is heavily wounded.
You have got your breath back.
The ogre barely misses you. The black bear bites you. The black bear claws you.
The black bear claws you but does no damage.
3389 ||| INVOKING Spit Poison.
Aiming: Spit Poison (1% risk of failure)
Press: ? - help, Shift-Dir - straight line, f/p - black bear The splash of poison hits the black bear.
The black bear looks even sicker.
The black bear is heavily wounded.
The jelly hits you.
You are splashed with acid!
The black bear bites you. The black bear claws you.
You die...

# # # .# # ##.###
### # #...... ...
#######..###.. #.# #
..............##.#
.# #.....#..#
.#.#.###..##
.####.#<.##.#
#O...).... ##
#......## ##@h......
#
###..##.###J.####..#
#...)#.#.#.#
#.#.###.##.# #..##
##.#.# #...###....#
####.#.##### ##..#
##.#


You could see a black bear (very poisoned), an ogre and a jelly.

Vanquished Creatures
  Edmund (D:4)
  Pargi (Sewer)
  A scorpion (D:4)
  A jelly (D:4)
  A hound (D:4)
  An iguana (D:3)
  2 orc wizards
  3 gnolls (D:3)
  3 adders
  2 ufetubi
  2 dart slugs
  10 orcs
  8 ball pythons
  6 endoplasms
  5 giant cockroaches
  5 goblins
  9 hobgoblins
  8 jackals
  8 kobolds
  7 quokkas
  10 bats
  6 frilled lizards
  7 rats
107 creatures vanquished.

Notes
Turn   | Place    | Note
-------+----------+-------------------------------------------
     0 | D:1      | qw the Naga Hunter began the quest for the Orb.
     0 | D:1      | Reached XP level 1. HP: 19/19 MP: 1/1
     0 | D:1      | 0 ||| qw: Version: 0.2-a-29-g511e9b1
     0 | D:1      | 0 ||| qw: Game counter: 5453
     0 | D:1      | 0 ||| qw: Always use a shield: true
     0 | D:1      | 0 ||| qw: God list: Okawaru
     0 | D:1      | 0 ||| qw: Allow faded altars: false
     0 | D:1      | 0 ||| qw: Do Orc after D:15 true
     0 | D:1      | 0 ||| qw: Do second Lair branch before Depths: true
     0 | D:1      | 0 ||| qw: Lair rune preference: random
     0 | D:1      | 0 ||| qw: Plans: Normal
     0 | D:1      | 0 ||| PLANNING D:1-11
    39 | D:1      | 39 ||| INVOKING Spit Poison.
    51 | D:1      | 51 ||| INVOKING Spit Poison.
    78 | D:1      | 78 ||| INVOKING Spit Poison.
   100 | D:1      | 100 ||| INVOKING Spit Poison.
   101 | D:1      | Found Faplituo's Jewellery Emporium.
   110 | D:1      | 110 ||| SHOPLISTING amulet of faith (480 gold, have 33).
   110 | D:1      | 110 ||| SHOPLISTING ring of positive energy (240 gold, have
                  | 33).
   110 | D:1      | 110 ||| SHOPLISTING ring of protection from fire (300 gold,
                  | have 33).
   110 | D:1      | 110 ||| SHOPLISTING ring of resist corrosion (240 gold,
                  | have 33).
   110 | D:1      | 110 ||| SHOPLISTING ring of willpower (300 gold, have 33).
   119 | D:1      | Reached skill level 4 in Ranged Weapons
   119 | D:1      | Reached XP level 2. HP: 26/26 MP: 2/2
   119 | D:1      | 119 ||| INVOKING Spit Poison.
   169 | D:1      | 169 ||| INVOKING Spit Poison.
   174 | D:1      | 174 ||| INVOKING Spit Poison.
   180 | D:1      | 180 ||| INVOKING Spit Poison.
   196 | D:1      | 196 ||| INVOKING Spit Poison.
   201 | D:1      | 201 ||| INVOKING Spit Poison.
   204 | D:1      | 204 ||| INVOKING Spit Poison.
   224 | D:1      | 224 ||| INVOKING Spit Poison.
   279 | D:1      | 279 ||| INVOKING Spit Poison.
   283 | D:1      | 283 ||| INVOKING Spit Poison.
   398 | D:1      | Found Yheret's Armour Shoppe.
   407 | D:1      | 407 ||| SHOPLISTING +1 ring mail of poison resistance (169
                  | gold, have 45).
   407 | D:1      | 407 ||| SHOPLISTING +2 leather armour of Qogroryi {Harm
                  | Will+} (319 gold, have 45).
   407 | D:1      | 407 ||| SHOPLISTING +2 robe of Mupi {rF- rN+ Regen+ Dex+4}
                  | (302 gold, have 45).
   407 | D:1      | 407 ||| SHOPLISTING +3 ring mail of fire resistance (338
                  | gold, have 45).
   407 | D:1      | 407 ||| SHOPLISTING +8 ring mail of Gaubish {Int+3} (744
                  | gold, have 45).
   417 | D:1      | Found Rafiappa's Antique Armour Shop.
   420 | D:1      | 420 ||| SHOPLISTING bloodstained leather armour (154 gold,
                  | have 45).
   420 | D:1      | 420 ||| SHOPLISTING glowing scarf (176 gold, have 45).
   420 | D:1      | 420 ||| SHOPLISTING runed helmet (165 gold, have 45).
   422 | D:1      | 422 ||| INVOKING Spit Poison.
   531 | D:1      | Found Kungue's Assorted Antiques.
   536 | D:1      | 536 ||| BUYING bubbling white potion (23 gold).
   536 | D:1      | Bought a bubbling white potion for 23 gold pieces
   536 | D:1      | 536 ||| SHOPLISTING murky coppery potion (23 gold, have
                  | 22).
   536 | D:1      | 536 ||| SHOPLISTING pair of gloves (117 gold, have 22).
   536 | D:1      | 536 ||| SHOPLISTING scroll labelled JECERAHOGO (26 gold,
                  | have 22).
   536 | D:1      | 536 ||| SHOPLISTING spiked ring mail (234 gold, have 22).
   570 | D:1      | 570 ||| INVOKING Spit Poison.
   685 | D:1      | 685 ||| INVOKING Spit Poison.
   686 | D:1      | Reached XP level 3. HP: 32/32 MP: 3/3
   691 | D:1      | Found Xuoklak's Vocational Training.
   732 | D:1      | 732 ||| DROPPING scroll of butterflies.
   787 | D:2      | 787 ||| INVOKING Spit Poison.
   791 | D:2      | 791 ||| INVOKING Spit Poison.
   795 | D:2      | 795 ||| INVOKING Spit Poison.
   801 | D:2      | 801 ||| INVOKING Spit Poison.
   806 | D:2      | Reached skill level 5 in Ranged Weapons
   806 | D:2      | Reached XP level 4. HP: 20/39 MP: 4/4
   806 | D:2      | 806 ||| INVOKING Spit Poison.
   906 | D:2      | 906 ||| INVOKING Spit Poison.
   918 | D:2      | 918 ||| INVOKING Spit Poison.
   928 | D:2      | Identified the +5 chain mail "Duymege" {Str+2 Int-3 Dex+2}
   994 | D:2      | 994 ||| INVOKING Spit Poison.
   995 | D:2      | 995 ||| INVOKING Spit Poison.
  1044 | D:2      | 1044 ||| INVOKING Spit Poison.
  1059 | D:2      | Found Siuh's Book Boutique.
  1065 | D:2      | 1065 ||| INVOKING Spit Poison.
  1068 | D:2      | 1068 ||| INVOKING Spit Poison.
  1094 | D:2      | 1094 ||| INVOKING Spit Poison.
  1097 | D:2      | 1097 ||| UPGRADING to scarf of repulsion.
  1102 | D:2      | 1102 ||| UPGRADING to +0 pair of gloves.
  1113 | D:2      | 1113 ||| INVOKING Spit Poison.
  1117 | D:2      | 1117 ||| INVOKING Spit Poison.
  1122 | D:2      | 1122 ||| INVOKING Spit Poison.
  1125 | D:2      | 1125 ||| INVOKING Spit Poison.
  1129 | D:2      | 1129 ||| INVOKING Spit Poison.
  1300 | D:2      | 1300 ||| INVOKING Spit Poison.
  1304 | D:2      | 1304 ||| INVOKING Spit Poison.
  1310 | D:2      | 1310 ||| INVOKING Spit Poison.
  1352 | D:2      | 1352 ||| INVOKING Spit Poison.
  1377 | D:2      | 1377 ||| INVOKING Spit Poison.
  1428 | D:2      | 1428 ||| INVOKING Spit Poison.
  1448 | D:2      | 1448 ||| INVOKING Spit Poison.
  1496 | D:2      | You fall into a shaft and drop 1 floor!
  1500 | D:3      | 1500 ||| PLANNING SEWER
  1500 | D:3      | 1500 ||| Stepping ~*~*~tactically~*~*~ (outnumbered).
  1501 | D:3      | 1501 ||| INVOKING Spit Poison.
  1505 | D:3      | 1505 ||| INVOKING Spit Poison.
  1508 | D:3      | 1508 ||| INVOKING Spit Poison.
  1509 | D:3      | Reached skill level 3 in Fighting
  1536 | D:3      | 1536 ||| INVOKING Spit Poison.
  1540 | D:3      | 1540 ||| INVOKING Spit Poison.
  1546 | D:3      | 1546 ||| INVOKING Spit Poison.
  1546 | D:3      | HP: 3/42 [gnoll/+0 halberd (9)]
  1548 | D:3      | Reached XP level 5. HP: 4/49 MP: 5/5
  1714 | D:3      | Found a sacrificial altar of Ru.
  1830 | D:3      | 1830 ||| INVOKING Spit Poison.
  1842 | D:3      | 1842 ||| INVOKING Spit Poison.
  1848 | D:3      | 1848 ||| INVOKING Spit Poison.
  1937 | D:3      | 1937 ||| INVOKING Spit Poison.
  1944 | D:3      | 1944 ||| INVOKING Spit Poison.
  1963 | D:3      | 1963 ||| INVOKING Spit Poison.
  1976 | D:3      | 1976 ||| INVOKING Spit Poison.
  1978 | D:3      | Found a glowing drain.
  1979 | D:3      | 1979 ||| DROPPING amulet of magic regeneration.
  1980 | D:3      | 1980 ||| UPGRADING to +5 ring of evasion.
  1981 | D:3      | 1981 ||| READING scroll labelled TYDAFOE GAWE.
  1982 | D:3      | 1982 ||| READING scroll labelled JECERAHOGO.
  1983 | D:3      | 1983 ||| READING scroll labelled JIABBONOAD.
  1984 | D:3      | 1984 ||| READING scroll labelled YBINE LODAODY.
  1989 | D:3      | 1989 ||| READING scroll labelled COXOLLAUFA.
  1990 | D:3      | 1990 ||| READING scroll labelled NEAMYR ILYNK.
  1991 | D:3      | 1991 ||| READING scroll labelled NIUKKI RAPSEO.
  1992 | D:3      | 1992 ||| DRINKING 3 golden potions.
  1995 | D:3      | 1995 ||| INVOKING Spit Poison.
  2009 | D:3      | 2009 ||| INVOKING Spit Poison.
  2014 | Sewer    | Entered a sewer
  2018 | Sewer    | 2018 ||| INVOKING Spit Poison.
  2021 | Sewer    | 2021 ||| INVOKING Spit Poison.
  2083 | Sewer    | 2083 ||| INVOKING Spit Poison.
  2094 | Sewer    | 2094 ||| INVOKING Spit Poison.
  2100 | Sewer    | 2100 ||| INVOKING Spit Poison.
  2103 | Sewer    | 2103 ||| INVOKING Spit Poison.
  2119 | Sewer    | 2119 ||| INVOKING Spit Poison.
  2124 | Sewer    | Noticed Pargi
  2125 | Sewer    | 2125 ||| INVOKING Spit Poison.
  2129 | Sewer    | Killed Pargi
  2130 | Sewer    | Reached skill level 6 in Ranged Weapons
  2130 | Sewer    | Reached XP level 6. HP: 50/56 MP: 6/6
  2155 | Sewer    | 2155 ||| INVOKING Spit Poison.
  2160 | Sewer    | 2160 ||| INVOKING Spit Poison.
  2167 | Sewer    | 2167 ||| INVOKING Spit Poison.
  2189 | Sewer    | 2189 ||| UPGRADING to +0 troll leather armour {Pargi}.
  2199 | Sewer    | 2199 ||| DROPPING +0 leather armour.
  2200 | Sewer    | 2200 ||| DRINKING 2 blue potions.
  2201 | Sewer    | 2201 ||| DRINKING 2 glowing ruby potions.
  2215 | D:3      | 2215 ||| PLANNING D:1-11
  2365 | D:3      | 2365 ||| READING 2 scrolls of identify.
  2365 | D:3      | 2365 ||| IDENTIFYING murky coppery potion
  2366 | D:3      | 2366 ||| DROPPING potion of enlightenment.
  2383 | D:4      | 2383 ||| INVOKING Spit Poison.
  2387 | D:4      | 2387 ||| STAIRDANCE
  2390 | D:3      | 2390 ||| INVOKING Spit Poison.
  2395 | D:3      | 2395 ||| INVOKING Spit Poison.
  2401 | D:3      | 2401 ||| INVOKING Spit Poison.
  2452 | D:4      | 2452 ||| INVOKING Spit Poison.
  2455 | D:4      | 2455 ||| INVOKING Spit Poison.
  2477 | D:4      | Found a blossoming altar of Fedhas.
  2519 | D:4      | 2519 ||| INVOKING Spit Poison.
  2527 | D:4      | 2527 ||| INVOKING Spit Poison.
  2576 | D:4      | 2576 ||| INVOKING Spit Poison.
  2579 | D:4      | 2579 ||| INVOKING Spit Poison.
  2585 | D:4      | 2585 ||| INVOKING Spit Poison.
  2593 | D:4      | 2593 ||| INVOKING Spit Poison.
  2597 | D:4      | 2597 ||| DRINKING 2 potions of curing.
  2597 | D:4      | 2597 ||| (to cure confusion)
  2600 | D:4      | 2600 ||| INVOKING Spit Poison.
  2604 | D:4      | 2604 ||| INVOKING Spit Poison.
  2608 | D:4      | 2608 ||| INVOKING Spit Poison.
  2611 | D:4      | 2611 ||| INVOKING Spit Poison.
  2616 | D:4      | 2616 ||| INVOKING Spit Poison.
  2749 | D:4      | 2749 ||| INVOKING Spit Poison.
  2793 | D:4      | 2793 ||| INVOKING Spit Poison.
  2797 | D:4      | 2797 ||| INVOKING Spit Poison.
  2801 | D:4      | 2801 ||| INVOKING Spit Poison.
  2802 | D:4      | Reached XP level 7. HP: 64/64 MP: 7/7
  2804 | D:4      | 2804 ||| INVOKING Spit Poison.
  2815 | D:4      | 2815 ||| INVOKING Spit Poison.
  2872 | D:4      | 2872 ||| INVOKING Spit Poison.
  2915 | D:4      | 2915 ||| INVOKING Spit Poison.
  2936 | D:4      | 2936 ||| INVOKING Spit Poison.
  2984 | D:4      | Noticed Edmund
  2985 | D:4      | 2985 ||| INVOKING Spit Poison.
  2990 | D:4      | 2990 ||| INVOKING Spit Poison.
  2995 | D:4      | 2995 ||| INVOKING Spit Poison.
  2999 | D:4      | 2999 ||| INVOKING Spit Poison.
  2999 | D:4      | HP: 13/64 [Edmund/+0 flail of protection (7)]
  3000 | D:4      | 3000 ||| DRINKING potion of heal wounds.
  3002 | D:4      | Killed Edmund
  3003 | D:4      | Reached skill level 7 in Ranged Weapons
  3005 | D:4      | 3005 ||| INVOKING Spit Poison.
  3099 | D:4      | 3099 ||| INVOKING Spit Poison.
  3204 | D:4      | 3204 ||| INVOKING Spit Poison.
  3208 | D:4      | 3208 ||| INVOKING Spit Poison.
  3302 | D:5      | Entered Level 5 of the Dungeon
  3303 | D:5      | 3303 ||| INVOKING Spit Poison.
  3378 | D:5      | 3378 ||| INVOKING Spit Poison.
  3384 | D:5      | 3384 ||| INVOKING Spit Poison.
  3388 | D:5      | HP: 15/64 [black bear (4)]
  3389 | D:5      | 3389 ||| INVOKING Spit Poison.
  3389 | D:5      | HP: 4/64 [acid (7)]
  3389 | D:5      | Slain by a black bear

Levels and vault maps discovered:
D:1:      saegor_arrival_miasma, layout_basic, serial_forest,
          infiniplex_forest_lined_2, infiniplex_forest_straight_5,
          infiniplex_forest_lined_ring, infiniplex_forest_end_1,
          infiniplex_forest_clump_C, infiniplex_forest_clump_curved,
          infiniplex_forest_straight_3, serial_shops,
          nicolae_shop_tiny_real_fake_doors, nicolae_shop_peninsula,
          nicolae_shop_hallway_plus, nicolae_shop_hallway_stairs,
          nicolae_shop_vocational
D:2:      layout_loops_ring, serial_shops, shop
D:3:      layout_rooms, mainiacjoe_overflow_catwalk,
          cheibrodos_sewer_entry_drain
D:4:      layout_loops_corners, mainiacjoe_overflow_tiny_flanked, uniq_edmund
D:5:      layout_loops_ring, vehumet_statue

Skill      XL: |  1  2  3  4  5  6  7 |
---------------+----------------------+-----
Ranged Weapons | 4 5 6 7 |  7.1
Fighting       | 3 4 |  4.1
Dodging        | |  1.7
Stealth        | |  1.5

Action                     |  1- 3 |  4- 6 |  7- 9 || total
---------------------------+-------+-------+-------++-------
   Fire: Shortbow          |    41 |   148 |    41 ||   230
Ability: Spit Poison       |    21 |    67 |    17 ||   105
    Use: Scroll            |       |     8 |       ||     8
         Potion            |       |     4 |     1 ||     5
 Armour: Leather armour    |     5 |    23 |       ||    28
         Troll leather arm |       |    12 |    22 ||    34
  Dodge: Dodged            |    12 |   116 |    44 ||   172
         Repelled          |       |     1 |     1 ||     2

Table legend:
 A = Non-vault XP
 B = Vault XP
 C = Vault XP percentage of total XP
 D = Non-vault monster count
 E = Vault monster count
 F = Vault count percentage of total count
                 A         B        C        D         E       F
            +---------+---------+-------+---------+---------+-------
      Total |     521 |     301 |  36.6 |      97 |      10 |   9.3
            +---------+---------+-------+---------+---------+-------
        D:1 |      36 |       0 |   0.0 |      21 |       0 |   0.0
        D:2 |      89 |       0 |   0.0 |      31 |       0 |   0.0
        D:3 |     118 |       2 |   1.7 |      21 |       2 |   8.7
        D:4 |     276 |     153 |  35.7 |      23 |       1 |   4.2
        D:5 |       2 |       0 |   0.0 |       1 |       0 |   0.0
      Sewer |       0 |     146 | 100.0 |       0 |       7 | 100.0
            +---------+---------+-------+---------+---------+-------
